 Dungeon Crawl Stone Soup version 0.19.0-20-gbc5f0c6 (webtiles) character file.

2574 CountDeLaPain the Slicer (level 9, 0/84 HPs)
             Began as a Kobold Berserker on Nov 16, 2016.
             Was an Elder of Trog.
             Slain by Pikel
             ... wielding a +1 whip of flaming
              (1 damage)
             ... on level 7 of the Dungeon on Nov 17, 2016.
             The game lasted 00:21:43 (6114 turns).

CountDeLaPain the Slicer (Kobold Berserker)         Turns: 6114, Time: 00:21:44

Health: 0/84       AC: 11    Str: 20    XL:     9   Next: 88%
Magic:  11/11      EV: 19    Int: 11    God:    Trog [****..]
Gold:   307        SH:  0    Dex: 17    Spells: 0 memorised, 8 levels left

rFire  . . .     SeeInvis .     a - +0 short sword
rCold  . . .     Gourm    .     z - +2 leather armour of Makhleb's Generosity {Int+3}
rNeg   . . .     Faith    .     (shield restricted)
rPois  .         Spirit   .     (no helmet)
rElec  .         Reflect  .     m - +0 cloak
rCorr  .         Harm     .     (no gloves)
MR     +....                    v - +0 pair of boots
Stlth  ..........               (no amulet)
                                x - +4 ring of protection
                                o - ring of protection from magic

@: berserking (expiring), starving, very quick
A: carnivore 3
a: Berserk, Trog's Hand, Brothers in Arms, Burn Spellbooks, Renounce Religion


You were on level 7 of the Dungeon.
You worshipped Trog.
Trog was greatly pleased with you.
You were starving.

You visited 1 branch of the dungeon, and saw 7 of its levels.

You collected 307 gold pieces.

Inventory:

Hand Weapons
 a - a +0 short sword (weapon)
Armour
 f - a cursed +0 shield
 m - a +0 cloak (worn)
 s - a +0 ring mail of cold resistance
 u - a +2 robe of fire resistance
 v - a +0 pair of boots (worn)
 z - the +2 leather armour of Makhleb's Generosity (worn) {Int+3}
   (You found it on level 5 of the Dungeon)

   It affects your intelligence (+3).
Jewellery
 b - an uncursed ring of magical power {unknown}
 o - a ring of protection from magic (left hand)
 x - a +4 ring of protection (right hand)
 y - an uncursed amulet of magic regeneration {unknown}
Wands
 A - a wand of disintegration (12/24)
 B - a wand of enslavement (11/24)
Scrolls
 d - a scroll of immolation
 g - 2 scrolls of recharging
 j - 2 scrolls of fear
 k - 3 scrolls of remove curse
Potions
 e - 3 potions of degeneration
 l - a potion of invisibility
 n - 3 potions of curing
 p - a potion of brilliance
 t - 2 potions of resistance {unknown}
 w - a potion of flight {unknown}
Books
 C - a book of Minor Magic

   Spells                             Type                      Level
   a - Magic Dart                     Conjuration                  1
   b - Blink                          Translocation                2
   c - Call Imp                       Summoning                    2
   d - Repel Missiles                 Charms/Air                   2
   e - Slow                           Hexes                        2
   f - Conjure Flame                  Conjuration/Fire             3
   g - Mephitic Cloud                 Conjuration/Poison/Air       3
   Trog disapproves of the use of such an item.
Comestibles
 c - a meat ration


   Skills:
 + Level 6.5 Fighting
 + Level 11.1 Short Blades
 + Level 3.0 Armour
 + Level 7.3 Dodging
 + Level 5.3 Stealth
 * Level 3.5 Evocations


You had 8 spell levels left.
You didn't know any spells.

Dungeon Overview and Level Annotations

Branches:
Dungeon (7/15)             Temple (0/1) D:7

Altars:
Okawaru
Ru
Xom

Annotations:
D:7 Pikel


Innate Abilities, Weirdness & Mutations

You are small and have problems with some larger weapons.
You are carnivorous and can eat meat at any time.


Message History

You hit Pikel.
Pikel is heavily wounded.
You barely miss Pikel.
Pikel is heavily wounded.
You barely miss Pikel.
Pikel is heavily wounded.
Pikel closely misses you. The slave misses you.
The slave completely misses you.
You hit Pikel but do no damage.
Pikel is heavily wounded.
You hit Pikel.
Pikel is heavily wounded.
You completely miss Pikel.
Pikel is heavily wounded.
You hit Pikel.
Pikel is heavily wounded.
Pikel hits you with a whip of flaming.
* * * LOW HITPOINT WARNING * * *
Pikel burns you.
You die...

## #.#......#...###<. ...
#................. #..
#.>...............
#.##................. ###
#....................
#..#######....####...=......
#...........................
####..#####....##...........
##....##@p...............
####.)p#K..?............
###....)..###.....##.
#..#......##.......
............#.##...#
#............... .#..
#............. #..........
#........


You could see Pikel and 2 slaves.

Vanquished Creatures
  2 hippogriffs (D:7)
  Sigmund (D:5)
  A hungry ghost (D:6)
  A sky beast (D:7)
  2 ice beasts
  An ogre (D:5)
  2 slaves (D:7)
  A centaur (D:5)
  A gnoll sergeant (D:7)
  4 scorpions
  5 howler monkeys
  3 crimson imps (D:4)
  3 hounds
  Crazy Yiuf (D:2)
  2 bullfrog zombies (D:6)
  A jelly (D:6)
  5 orc wizards
  2 iguanas
  4 worker ants
  A hound skeleton (D:4)
  A howler monkey zombie (D:7)
  A howler monkey skeleton (D:4)
  8 gnolls
  8 adders
  A shadow imp (D:5)
  2 oozes
  An adder skeleton (D:4)
  An adder zombie (D:5)
  4 worms
  2 dart slugs (D:1)
  2 leopard geckos
  8 orcs
  5 bats
  9 giant cockroaches
  4 goblins
  4 hobgoblins
  15 jackals
  6 kobolds
  A quokka (D:6)
  2 ball pythons
  5 frilled lizards
  2 jackal skeletons
  A leopard gecko zombie (D:6)
  A quokka skeleton (D:4)
  11 rats
148 creatures vanquished.

Vanquished Creatures (collateral kills)
  A hungry ghost (D:7)
  2 gnolls (D:7)
  A quokka zombie (D:7)
4 creatures vanquished.

Grand Total: 152 creatures vanquished

Notes
Turn   | Place    | Note
-------+----------+-------------------------------------------
     0 | D:1      | CountDeLaPain the Kobold Berserker began the quest for the Orb.
     0 | D:1      | Reached XP level 1. HP: 14/14 MP: 1/1
   111 | D:1      | Reached XP level 2. HP: 19/19 MP: 2/2
   159 | D:1      | Reached XP level 3. HP: 23/23 MP: 3/3
   285 | D:1      | Reached ** piety under Trog
   879 | D:2      | Found a runed door.
  1263 | D:2      | Reached skill level 5 in Short Blades
  1374 | D:2      | Reached XP level 4. HP: 29/29 MP: 4/4
  1540 | D:2      | Noticed Crazy Yiuf
  1545 | D:2      | Killed Crazy Yiuf
  1796 | D:3      | Found an iron altar of Okawaru.
  1940 | D:3      | Reached XP level 5. HP: 33/33 MP: 5/5
  2499 | D:4      | Reached skill level 6 in Short Blades
  2506 | D:4      | Reached skill level 1 in Stealth
  2506 | D:4      | Reached XP level 6. HP: 38/38 MP: 6/6
  2509 | D:4      | Reached *** piety under Trog
  2689 | D:4      | Reached skill level 7 in Short Blades
  2875 | D:4      | Reached XP level 7. HP: 44/44 MP: 7/7
  3308 | D:4      | Found a shimmering altar of Xom.
  3378 | D:4      | Reached skill level 8 in Short Blades
  3434 | D:5      | Entered Level 5 of the Dungeon
  3523 | D:5      | Reached skill level 5 in Dodging
  3533 | D:5      | Reached skill level 5 in Fighting
  3534 | D:5      | Reached XP level 8. HP: 49/49 MP: 8/8
  3909 | D:5      | Found a sacrificial altar of Ru.
  3966 | D:5      | Noticed Sigmund
  3977 | D:5      | Killed Sigmund
  3977 | D:5      | Reached skill level 9 in Short Blades
  4163 | D:5      | Got a jewelled leather armour
  4268 | D:4      | Reached **** piety under Trog
  5295 | D:6      | Reached XP level 9. HP: 55/55 MP: 9/9
  5334 | D:6      | Identified the +2 leather armour of Makhleb's Generosity {Int+3} (You found it on level 5 of the Dungeon)
  5531 | D:6      | Reached skill level 1 in Evocations
  5534 | D:6      | Reached skill level 10 in Short Blades
  5916 | D:7      | Noticed a hippogriff
  5919 | D:7      | Killed a hippogriff
  5958 | D:7      | Found a staircase to the Ecumenical Temple.
  5959 | D:7      | Noticed a hippogriff
  5991 | D:7      | Killed a hippogriff
  5991 | D:7      | Reached skill level 11 in Short Blades
  5991 | D:7      | Reached skill level 5 in Stealth
  6056 | D:7      | Noticed Pikel
  6102 | D:7      | HP: 1/84 [slave[Pikel] (9)]
  6114 | D:7      | HP: 1/84 [Pikel/whip of flaming (1)]
  6114 | D:7      | Slain by Pikel

Skill      XL: |  1  2  3  4  5  6  7  8  9 |
---------------+----------------------------+-----
Armour         | 2 3 |  3.0
Short Blades   | 5 6 7 8 9 11 | 11.1
Dodging        | 3 4 5 6 7 |  7.3
Fighting       | 4 5 6 |  6.5
Stealth        | 1 2 4 5 |  5.3
Evocations     | 3 |  3.5

Action                   |  1- 3 |  4- 6 |  7- 9 || total
-------------------------+-------+-------+-------++-------
Melee: Short sword       |    94 |   161 |   493 ||   748
Invok: Berserk           |     3 |     7 |    14 ||    24
       Brothers in Arms  |       |       |     2 ||     2
  Use: Scroll            |     1 |     6 |     3 ||    10
 Stab: Sleeping          |     1 |       |     5 ||     6
  Eat: Chunk             |    12 |    10 |    23 ||    45
       Beef jerky        |       |       |     1 ||     1
Armor: Animal skin       |    16 |    17 |     9 ||    42
       Leather armour    |       |       |    54 ||    54
       Ring mail         |       |       |    29 ||    29
Dodge: Dodged            |    77 |   107 |   345 ||   529
